[Event "Titled Tuesday Blitz May 10 Early 2022"]
[White "Melikyan, Gnel"]
[Black "Martin Carmona, Gaston Manuel"]
[WhiteFideId "54109990"]
[BlackFideId "22284567"]
[WhiteElo "1772"]
[BlackElo "2162"]
[Result "0-1"]
[Round "03"]
[TimeControl "180+1"]
[Date "2022.05.11"]
[WhiteClock "0:00:10"]
[BlackClock "0:00:07"]

1. e4 c5 2. Nf3 d6 3. d4 cxd4 4. Nxd4 Nf6 5. Nc3 a6 6. Be3 e5 7. Nf3 Be7 8. Bc4 O-O 9. O-O Nc6 10. Bg5 Be6 11. Bb3 Nd7 12. Bxe7 Qxe7 13. Nd5 Bxd5 14. Bxd5 Nf6 15. c3 Nxd5 16. Qxd5 Rad8 17. Rfd1 h6 18. Rd2 Rd7 19. Rad1 Rfd8 20. g3 Qe6 21. Nh4 Qxd5 22. Rxd5 g6 23. Nf3 Kg7 24. Kf1 Kf6 25. Ke2 Ke6 26. Nd2 Ne7 27. Ra5 d5 28. Nb3 Kf6 29. Nc5 Rc7 30. exd5 Rxd5 31. Rxd5 Nxd5 32. Nxa6 Nxc3+ 33. bxc3 bxa6 34. Rxa6+ Kf5 35. Kd3 Rd7+ 36. Kc2 Ke4 37. h4 h5 38. a4 f5 39. Rxg6 Kf3 40. Rg5 Kxf2 41. Rxf5+ Kxg3 42. Rxh5 e4 43. Rg5+ Kf4 44. Rg1 Ra7 45. Ra1 e3 46. a5 Kf3 47. a6 e2 48. Kb3 Kf2 49. Kb4 Rxa6 50. Rxa6 e1=Q 51. Rf6+ Kg3 52. Rc6 Kxh4 53. Rc4+ Kg5 54. Rd4 Kf6 55. Kb3 Ke5 56. Kc2 Qe2+ 57. Kb3 Qe3 58. Kc4 Qc1 59. Kb3 Qb1+ 60. Kc4 Qb2 61. Rd3 Ke4 62. Rd4+ Ke3 63. Rd3+ Ke2 64. Rd4 Qa2+ 65. Kb4 Qb2+ 66. Kc4 Qb1 67. Rd5 Qe4+ 68. Rd4 Qc6+ 69. Kb4 Ke1 70. Kb3 Ke2 71. Kb2 Qb5+ 72. Rb4 Qd3 73. Kb3 Qb1+ 74. Kc4 Qe4+ 75. Kb3 Qc6 76. Rd4 Qb6+ 77. Kc2 Qa6 78. Re4+ Kf3 79. Rb4 Ke3 80. Kb3 Qa1 81. Rd4 Qb1+ 82. Kc4 Qa2+ 83. Kb4 Qb2+ 84. Kc4 Ke2 85. Re4+ Kd2 86. Rd4+ Kc2 87. Rd3 Qb3+ 88. Kd4 Qb6+ 89. Ke4 Qg6+ 0-1


[Site "https://www.chess.com"]

[Event "Titled Tuesday Blitz May 10 Early 2022"]
[White "Mikhalsky, Vladimir"]
[Black "Guz, Ari"]
[WhiteFideId "14144352"]
[BlackFideId "2825759"]
[WhiteElo "2301"]
[BlackElo "1913"]
[Result "0-1"]
[Round "03"]
[TimeControl "180+1"]
[Date "2022.05.11"]
[WhiteClock "0:00:06"]
[BlackClock "0:00:14"]

1. d4 d5 2. c4 c6 3. Nf3 Nf6 4. Nc3 e6 5. e3 Be7 6. Qc2 O-O 7. Bd3 dxc4 8. Bxc4 b5 9. Bd3 Bb7 10. O-O a6 11. Ne4 Nbd7 12. Rd1 Qc7 13. a4 b4 14. Nc5 Nxc5 15. dxc5 Qa5 16. Qe2 Qxc5 17. Bd2 Qh5 18. Rac1 c5 19. e4 Rfd8 20. h3 Rxd3 21. Qxd3 Bxe4 22. Qe3 Bxf3 23. Qxf3 Qxf3 24. gxf3 Nd5 25. Be3 Rc8 26. Rc4 Nb6 27. Rc2 a5 28. b3 Nd5 29. Rc4 Kf8 30. Kg2 Rc6 31. Kg3 Bd6+ 32. Kg4 f5+ 33. Kh4 h6 34. f4 Kf7 35. Kg3 g5 36. Kf3 gxf4 37. Bd2 Nb6 38. Rc2 e5 39. Rdc1 e4+ 40. Kg2 c4 41. bxc4 Nxa4 42. c5 Rxc5 43. Rxc5 Nxc5 44. Bxf4 Nd3 45. Bxd6 Nxc1 46. Kf1 Ke6 47. Bc7 a4 48. Ba5 a3 49. Bxb4 a2 50. Bc3 Nb3 51. Kg2 a1=Q 52. Bxa1 Nxa1 0-1


[Site "https://www.chess.com"]

[Event "Titled Tuesday Blitz May 10 Early 2022"]
[White "Mikhnenko, Alexander"]
[Black "Fromm, Marius"]
[WhiteFideId "34143014"]
[BlackFideId "12993190"]
[WhiteElo "2117"]
[BlackElo "2567"]
[Result "0-1"]
[Round "03"]
[TimeControl "180+1"]
[Date "2022.05.11"]
[WhiteClock "0:00:16"]
[BlackClock "0:00:39"]

1. e4 c5 2. Nf3 d6 3. d4 cxd4 4. Nxd4 Nf6 5. Nc3 a6 6. h3 e5 7. Nde2 h5 8. Bg5 Be6 9. g3 Nbd7 10. Bg2 Be7 11. O-O b5 12. f4 b4 13. Nb1 Rc8 14. c3 Qb6+ 15. Kh1 Ng4 16. f5 Bxg5 17. fxe6 fxe6 18. hxg4 hxg4+ 19. Bh3 Rxh3+ 20. Kg2 Nf6 21. Rxf6 gxf6 22. Ng1 bxc3 23. Nxh3 gxh3+ 24. Kxh3 cxb2 25. Qh5+ Kd7 26. Qf7+ Kc6 27. Qxe6 bxa1=Q 28. Qxc8+ Qc7 29. Qxa6+ Kd7 30. Qb5+ Ke7 31. Qb4 Qd7+ 0-1


[Site "https://www.chess.com"]

[Event "Titled Tuesday Blitz May 10 Early 2022"]
[White "Mirzoev, Azer"]
[Black "Bifulco, Michel"]
[WhiteFideId "13400304"]
[BlackFideId "828580"]
[WhiteElo "2525"]
[BlackElo "2165"]
[Result "1-0"]
[Round "03"]
[TimeControl "180+1"]
[Date "2022.05.11"]
[WhiteClock "0:00:35"]
[BlackClock "0:00:05"]

1. c4 g6 2. Nc3 Bg7 3. Nf3 e5 4. g3 d6 5. Bg2 Nc6 6. O-O f5 7. d3 Nf6 8. Bg5 O-O 9. Nd2 h6 10. Bxf6 Bxf6 11. Rb1 g5 12. Nd5 Bg7 13. b4 Rb8 14. b5 Ne7 15. a4 Be6 16. Qc2 f4 17. a5 Nf5 18. a6 c6 19. Nc3 Nd4 20. Qd1 g4 21. axb7 f3 22. exf3 gxf3 23. Bh1 Qa5 24. Nb3 Qxc3 25. Nxd4 Qxd4 26. bxc6 Qg4 27. c7 Rxb7 28. Rxb7 Bc8 29. Rb8 Kh7 30. Re1 Rf5 31. Rxc8 Qh3 32. Bxf3 Rxf3 33. Qxf3 Qxc8 34. Qe4+ Kh8 35. Qc6 1-0


[Site "https://www.chess.com"]

[Event "Titled Tuesday Blitz May 10 Early 2022"]
[White "Miszler, Levente"]
[Black "Sokolovsky, Yahli"]
[WhiteFideId "763276"]
[BlackFideId "2820242"]
[WhiteElo "1966"]
[BlackElo "1770"]
[Result "0-1"]
[Round "03"]
[TimeControl "180+1"]
[Date "2022.05.11"]
[WhiteClock "0:00:19"]
[BlackClock "0:00:09"]

1. Nf3 g6 2. c4 Bg7 3. g3 e6 4. Bg2 Ne7 5. O-O O-O 6. Qc2 d5 7. d3 Nbc6 8. a3 a5 9. Nbd2 a4 10. Rb1 e5 11. cxd5 Nxd5 12. Nc4 Bg4 13. h3 Bxf3 14. Bxf3 Nd4 15. Qd1 Nxf3+ 16. exf3 Qd7 17. Kg2 b5 18. Ne3 Rad8 19. Qc2 Nb6 20. Rd1 Rfe8 21. Bd2 f5 22. Bb4 f4 23. Nf1 Rc8 24. Bc5 Nd5 25. g4 Re6 26. Nd2 Rc6 27. Ne4 Bf8 28. Rbc1 Bxc5 29. Nxc5 Qe7 30. d4 exd4 31. Rxd4 Nb6 32. Re4 Qf8 33. Qc3 Nd7 34. Qb4 Rxc5 35. Rd1 Rd8 36. Red4 Rc6 37. Qxf8+ Kxf8 38. Rxd7 Rxd7 39. Rxd7 Rc2 40. Rxh7 c5 41. Rb7 Rxb2 42. h4 b4 43. axb4 cxb4 44. Ra7 a3 45. h5 gxh5 46. gxh5 a2 47. h6 Kg8 48. Kh3 b3 49. Kg4 Rb1 50. Kf5 a1=Q 51. Rb7 Qa5+ 0-1


[Site "https://www.chess.com"]

[Event "Titled Tuesday Blitz May 10 Early 2022"]
[White "Morefield, Jason"]
[Black "Xu, Yi"]
[WhiteFideId "30920825"]
[BlackFideId "8605564"]
[WhiteElo "2171"]
[BlackElo "2471"]
[Result "0-1"]
[Round "03"]
[TimeControl "180+1"]
[Date "2022.05.10"]
[WhiteClock "0:00:01"]
[BlackClock "0:00:12"]

1. d4 Nf6 2. c4 e6 3. Nf3 d5 4. Nc3 Bb4 5. cxd5 exd5 6. Bg5 h6 7. Bh4 Bf5 8. Qb3 Bxc3+ 9. bxc3 Nbd7 10. e3 O-O 11. Be2 b5 12. Nd2 c6 13. O-O g5 14. Bg3 Nb6 15. f3 Bg6 16. Rae1 Re8 17. e4 dxe4 18. fxe4 Nxe4 19. Nxe4 Rxe4 20. Be5 Qd5 21. Bf3 Qxb3 22. axb3 Rxe1 23. Rxe1 Rc8 24. Ra1 Bc2 25. Rxa7 Bxb3 26. Bg4 Ra8 27. Rc7 Bd5 28. Bf3 Bxf3 29. gxf3 Rc8 30. Rb7 Nd5 31. Kf2 Nxc3 32. h4 Nd5 33. hxg5 hxg5 34. Bd6 Kg7 35. Kg3 Kg6 36. Ra7 Ne3 37. Bc5 Nf5+ 38. Kf2 Rd8 39. Ra6 Nxd4 40. Bxd4 Rxd4 41. Rxc6+ f6 42. Rb6 Rb4 43. Kg3 Kf5 44. Rb8 Rb3 45. Rg8 b4 46. Rb8 Rb1 47. Rb5+ Kg6 48. f4 Rb3+ 49. Kg2 gxf4 0-1


[Site "https://www.chess.com"]

[Event "Titled Tuesday Blitz May 10 Early 2022"]
[White "Mortazavi, Ali"]
[Black "Barp, Alberto"]
[WhiteFideId "401323"]
[BlackFideId "872555"]
[WhiteElo "2339"]
[BlackElo "2229"]
[Result "0-1"]
[Round "03"]
[TimeControl "180+1"]
[Date "2022.05.11"]
[WhiteClock "0:00:16"]
[BlackClock "0:00:33"]

1. Nf3 c5 2. e4 a6 3. Nc3 b5 4. g3 Bb7 5. d3 e6 6. Bg2 d6 7. O-O Nd7 8. Re1 Ne7 9. a4 b4 10. Nb1 g6 11. Nbd2 Bg7 12. Nc4 Qc7 13. Bf4 e5 14. Bg5 f6 15. Bd2 O-O 16. Bh3 Rad8 17. a5 d5 18. exd5 Nxd5 19. Bg2 Rfe8 20. h4 h5 21. c3 bxc3 22. bxc3 Nf8 23. Rb1 Bc6 24. Qb3 Kh7 25. Qc2 Ne6 26. Nh2 Ne7 27. Rb6 Bxg2 28. Kxg2 Nd5 29. Rbb1 Qc6 30. Kg1 Rd7 31. Nb6 Rdd8 32. Qa2 Ndc7 33. Qc4 Qd6 34. Re3 Bh6 35. Rf3 Bxd2 36. Rxf6 Kg7 37. Rf3 Bh6 38. g4 Bf4 39. gxh5 gxh5 40. Kh1 Qc6 41. Rg1+ Kh8 42. Rg2 Rg8 43. Qa2 Rxg2 44. Kxg2 Bxh2 45. Qe2 Nf4+ 46. Kxh2 Nxe2 0-1


[Site "https://www.chess.com"]

[Event "Titled Tuesday Blitz May 10 Early 2022"]
[White "Moussard, Jules"]
[Black "Dronavalli, Harika"]
[WhiteFideId "642908"]
[BlackFideId "5015197"]
[WhiteElo "2589"]
[BlackElo "2382"]
[Result "0-1"]
[Round "03"]
[TimeControl "180+1"]
[Date "2022.05.10"]
[WhiteClock "0:01:10"]
[BlackClock "0:00:36"]

1. Nf3 Nf6 2. b3 g6 3. Bb2 Bg7 4. g3 O-O 5. Bg2 d6 6. d4 b5 7. Ne5 dxe5 8. Bxa8 c6 9. a4 b4 10. Qd2 a5 11. dxe5 Nd5 12. Qd4 Qc7 13. Nd2 Nb6 14. Nc4 Nxa8 15. O-O-O Be6 16. Qc5 Bd5 17. Rxd5 cxd5 18. Qxd5 Nb6 19. Qxa5 Qc6 20. Rd1 Nxc4 21. bxc4 Qxc4 22. Qb5 Qe4 23. Kb1 Rc8 24. Rd3 h5 25. f3 Qc6 26. Qxc6 Nxc6 27. f4 e6 28. Ka2 Na5 29. c3 b3+ 30. Kb1 Bf8 31. Rd4 Nc4 32. Bc1 Be7 33. e4 Kf8 34. h3 Ke8 35. g4 hxg4 36. hxg4 Na5 37. Bd2 Bc5 38. Rd3 Nc4 39. Bc1 Ra8 40. Rh3 Rxa4 41. Rh8+ Kd7 42. Rh7 Ba3 43. Rxf7+ Kc6 44. Bxa3 Rxa3 45. Rf8 Nd2+ 46. Kc1 Ra1+ 47. Kxd2 b2 48. Rb8 b1=Q 49. Rb6+ 0-1


[Site "https://www.chess.com"]

[Event "Titled Tuesday Blitz May 10 Early 2022"]
[White "Msellek, Ilyass"]
[Black "Zaksaite, Salomeja"]
[WhiteFideId "675938"]
[BlackFideId "12801496"]
[WhiteElo "2221"]
[BlackElo "1953"]
[Result "1-0"]
[Round "03"]
[TimeControl "180+1"]
[Date "2022.05.11"]
[WhiteClock "0:00:04"]
[BlackClock "0:00:01"]

1. d4 Nf6 2. Bg5 Ne4 3. h4 Nxg5 4. hxg5 d5 5. e3 g6 6. Bd3 Bg7 7. Nd2 c5 8. c3 Nd7 9. f4 b6 10. Qf3 Bb7 11. Qh3 Qc7 12. Ngf3 O-O-O 13. a4 Kb8 14. Qg3 h6 15. gxh6 Bxh6 16. Kf2 Bg7 17. Ng5 Rhf8 18. Rh7 Nf6 19. Rh4 cxd4 20. cxd4 Nh5 21. Qf3 Qd7 22. g4 Nf6 23. Kg3 e6 24. a5 Rh8 25. Rxh8 Rxh8 26. axb6 axb6 27. Qe2 Ne8 28. Bb5 Qc7 29. Ba6 Nd6 30. Nb3 Bh6 31. Bxb7 Qxb7 32. Nf3 Ne4+ 33. Kg2 f6 34. Qb5 Bg7 35. Ra6 Kc7 36. Qa4 Kd6 37. Ra7 Qc8 38. Qb4+ 1-0


[Site "https://www.chess.com"]

[Event "Titled Tuesday Blitz May 10 Early 2022"]
[White "Munoz, Francisco Javier"]
[Black "Fajdetic, Hrvoje"]
[WhiteFideId "128368"]
[BlackFideId "14501945"]
[WhiteElo "2383"]
[BlackElo "2172"]
[Result "1-0"]
[Round "03"]
[TimeControl "180+1"]
[Date "2022.05.11"]
[WhiteClock "0:00:05"]
[BlackClock "0:00:01"]

1. e4 c5 2. Nf3 g6 3. d4 cxd4 4. Qxd4 Nf6 5. e5 Nc6 6. Qa4 Nd5 7. Qb3 Nc7 8. Nc3 Bg7 9. Bf4 Ne6 10. Bg3 h5 11. O-O-O h4 12. Bxh4 Nxe5 13. Nd5 g5 14. Bg3 Nxf3 15. gxf3 d6 16. h4 Nc5 17. Qa3 Be6 18. Bb5+ Kf8 19. Nxe7 Qb6 20. Bxd6 Qxb5 21. Nf5+ Kg8 22. Nxg7 Kxg7 23. Bxc5 Rxh4 24. Rxh4 gxh4 25. Bd4+ Kg6 26. Rg1+ Kh5 27. f4 f6 28. Bxf6 Rg8 29. Qf3+ 1-0


[Site "https://www.chess.com"]

[Event "Titled Tuesday Blitz May 10 Early 2022"]
[White "Nakamura, Hikaru"]
[Black "Vifleemskaia, Svetlana"]
[WhiteFideId "2016192"]
[BlackFideId "4129490"]
[WhiteElo "2850"]
[BlackElo "1929"]
[Result "1-0"]
[Round "03"]
[TimeControl "180+1"]
[Date "2022.05.11"]
[WhiteClock "0:01:40"]
[BlackClock "0:00:16"]

1. e4 e5 2. Nc3 Nf6 3. g3 Bc5 4. Bg2 d6 5. h3 Nc6 6. d3 O-O 7. Nge2 a6 8. O-O h6 9. Kh1 Nd4 10. f4 b5 11. Nxd4 Bxd4 12. Ne2 Bb6 13. Qe1 Bb7 14. g4 exf4 15. Bxf4 d5 16. e5 Nh7 17. d4 c5 18. dxc5 Bxc5 19. Ng3 Ng5 20. Rd1 Qb6 21. b4 Be7 22. Nf5 Rfe8 23. c3 Ne4 24. Be3 Qc7 25. Bd4 Bf8 26. Bxe4 dxe4 27. Qe3 a5 28. a3 axb4 29. axb4 Ra2 30. Kg1 Rxe5 31. Bxe5 Qxe5 32. Rd2 Ra3 33. Qd4 Qxd4+ 34. Rxd4 g6 35. Nd6 Bxd6 36. Rxd6 Rxc3 37. Rd8+ Kg7 38. Rd7 Bc6 39. Rdxf7+ Kg8 40. Rf8+ 1-0


[Site "https://www.chess.com"]

[Event "Titled Tuesday Blitz May 10 Early 2022"]
[White "Navalgund, Niranjan"]
[Black "Shimelkov, Vasiliy"]
[WhiteFideId "5030854"]
[BlackFideId "13701630"]
[WhiteElo "2290"]
[BlackElo "2073"]
[Result "1-0"]
[Round "03"]
[TimeControl "180+1"]
[Date "2022.05.11"]
[WhiteClock "0:01:52"]
[BlackClock "0:01:48"]

1. e4 c6 2. Nc3 d5 3. Nf3 dxe4 4. Nxe4 Nf6 5. Qe2 Nxe4 6. Qxe4 Qd5 7. Qh4 Bf5 8. Be2 e6 9. O-O Be7 10. Qg3 Bf6 11. d4 O-O 12. c4 Qd8 13. Bf4 Bxd4 14. Nxd4 Qxd4 15. Be5 1-0


[Site "https://www.chess.com"]

[Event "Titled Tuesday Blitz May 10 Early 2022"]
[White "Nenezic, Marko"]
[Black "Cunjalo, Faris"]
[WhiteFideId "912123"]
[BlackFideId "14410710"]
[WhiteElo "2457"]
[BlackElo "2263"]
[Result "1-0"]
[Round "03"]
[TimeControl "180+1"]
[Date "2022.05.10"]
[WhiteClock "0:00:11"]
[BlackClock "0:00:07"]

1. d4 Nf6 2. c4 c5 3. d5 e6 4. Nc3 exd5 5. cxd5 d6 6. e4 g6 7. f4 Bg7 8. Bb5+ Nfd7 9. Nf3 a6 10. Bd3 b5 11. a3 O-O 12. O-O Re8 13. Kh1 b4 14. axb4 cxb4 15. Na4 a5 16. Be3 Ba6 17. Bd4 Nf6 18. Re1 Bxd3 19. Qxd3 Nbd7 20. Rac1 Rc8 21. Rc6 Qe7 22. Rxc8 Rxc8 23. Kg1 Re8 24. Nd2 Bh6 25. Bxf6 Nxf6 26. g3 Bg7 27. b3 Ng4 28. Kg2 Qa7 29. Re2 Nf6 30. h3 Nd7 31. Nc4 Nc5 32. Nxc5 Qxc5 33. e5 dxe5 34. fxe5 Rc8 35. d6 a4 36. e6 fxe6 37. Rxe6 Qc6+ 38. Qe4 Qxe4+ 39. Rxe4 Kf7 40. bxa4 b3 41. d7 Rd8 42. Nd6+ Kf6 43. Ne8+ Kf7 44. Nxg7 Kxg7 45. Rb4 Rxd7 46. Rxb3 Rd2+ 47. Kf3 Ra2 48. Rb4 Kf6 49. h4 h5 50. Kf4 Rf2+ 51. Ke4 Ra2 52. Rb6+ Kf7 53. Rb4 Kf6 54. Kd5 Kf5 55. Rf4# 1-0


[Site "https://www.chess.com"]

[Event "Titled Tuesday Blitz May 10 Early 2022"]
[White "Nilsen, Tobias Lang"]
[Black "Czopor, Maciej"]
[WhiteFideId "1521624"]
[BlackFideId "21805431"]
[WhiteElo "2014"]
[BlackElo "1999"]
[Result "1-0"]
[Round "03"]
[TimeControl "180+1"]
[Date "2022.05.11"]
[WhiteClock "0:00:20"]
[BlackClock "0:00:44"]

1. f4 Nh6 2. e4 d5 3. d3 dxe4 4. dxe4 Qxd1+ 5. Kxd1 e5 6. h3 Nc6 7. c3 exf4 8. Bxf4 Be6 9. Bxc7 Bc5 10. Nf3 f5 11. Bd3 fxe4 12. Bxe4 Nf5 13. Bxf5 Bxf5 14. Re1+ Kd7 15. Bf4 Rhe8 16. Nbd2 Rxe1+ 17. Nxe1 Re8 18. Ndf3 h6 19. b4 Bf2 20. b5 Na5 21. Ne5+ Kc8 22. N1d3 Bb6 23. Kd2 g5 24. Bh2 Rd8 25. Re1 Nc4+ 26. Nxc4 Rxd3+ 27. Ke2 Rxc3 28. Nd6+ Kd7 29. Nxf5 Rc2+ 30. Kf3 Rf2+ 31. Kg4 Rxg2+ 32. Bg3 Rxa2 33. Re7+ Kc8 34. Nd6+ Kd8 35. Rxb7 Rg2 36. Nf5 Rb2 37. Bd6 Kc8 38. Rh7 Rxb5 39. Bg3 a5 40. Nd6+ 1-0


[Site "https://www.chess.com"]

[Event "Titled Tuesday Blitz May 10 Early 2022"]
[White "Nogerbek, Kazybek"]
[Black "Korchmar, Vasiliy"]
[WhiteFideId "13710427"]
[BlackFideId "24131750"]
[WhiteElo "2441"]
[BlackElo "2370"]
[Result "0-1"]
[Round "03"]
[TimeControl "180+1"]
[Date "2022.05.10"]
[WhiteClock "0:00:02"]
[BlackClock "0:00:50"]

1. Nf3 d5 2. e3 Nf6 3. c4 c6 4. Nc3 e6 5. b3 Bd6 6. Bb2 O-O 7. Qc2 e5 8. cxd5 cxd5 9. Nb5 Nc6 10. Nxd6 Qxd6 11. Be2 Bg4 12. h3 Bh5 13. O-O e4 14. Kh1 exf3 15. gxf3 Rac8 16. Qd1 d4 17. d3 Nd5 18. Rg1 Qh6 19. Rg3 Bg6 20. e4 Nf4 21. Bf1 Ne5 22. Bxd4 Qh5 23. Be3 Nfxd3 24. Rg5 Qh4 25. Rg3 h6 26. Bxd3 Rfd8 27. Be2 Rxd1+ 28. Rxd1 Rc2 29. Re1 Rxa2 30. Kg2 a6 31. Bd1 Nd3 32. Rf1 Nf4+ 33. Kh2 a5 34. Rfg1 b5 35. Re1 a4 36. bxa4 bxa4 37. e5 Nd5 38. Bc5 Rb2 39. e6 a3 40. e7 Nxe7 41. Bxe7 Rxf2+ 42. Rg2 Rxg2+ 43. Kxg2 Qxe1 0-1


[Site "https://www.chess.com"]

[Event "Titled Tuesday Blitz May 10 Early 2022"]
[White "Nugumanov, Bakhtiyar"]
[Black "Heinemann, Josefine"]
[WhiteFideId "13701797"]
[BlackFideId "12900460"]
[WhiteElo "2262"]
[BlackElo "2300"]
[Result "0-1"]
[Round "03"]
[TimeControl "180+1"]
[Date "2022.05.11"]
[WhiteClock "0:00:02"]
[BlackClock "0:00:21"]

1. Nf3 d5 2. g3 g6 3. Bg2 Bg7 4. d4 Nf6 5. O-O O-O 6. c4 c6 7. Qb3 Qb6 8. Nc3 Rd8 9. Rd1 Bf5 10. Qxb6 axb6 11. Ne5 Be6 12. b3 Na6 13. Bb2 Rac8 14. Na4 b5 15. Nb6 Rb8 16. cxb5 cxb5 17. a4 bxa4 18. bxa4 Nb4 19. Rac1 Nd7 20. Nexd7 Bxd7 21. Rc7 Bc6 22. Rxe7 Re8 23. Rxe8+ Rxe8 24. e3 Bf6 25. Ba3 Bd8 26. Bxb4 Bxb6 27. a5 Bc7 28. Rc1 Ra8 29. Bxd5 Bxd5 30. Rxc7 b6 31. Rd7 Bf3 32. h4 bxa5 33. Ba3 a4 34. Kh2 Rc8 35. Ra7 Rc2 36. Rxa4 Rxf2+ 37. Kh3 h5 38. g4 Bxg4+ 39. Kg3 Rf3+ 40. Kg2 Rxe3 41. Ra8+ Kg7 42. Bc5 Rd3 43. Rd8 Be6 44. Ra8 Bd5+ 0-1


[Site "https://www.chess.com"]

[Event "Titled Tuesday Blitz May 10 Early 2022"]
[White "Odegov, Artem"]
[Black "Bashirli, Saadat"]
[WhiteFideId "34183644"]
[BlackFideId "13429990"]
[WhiteElo "2286"]
[BlackElo "1173"]
[Result "0-1"]
[Round "03"]
[TimeControl "180+1"]
[Date "2022.05.11"]
[WhiteClock "0:00:02"]
[BlackClock "0:00:15"]

1. d4 d5 2. c4 e6 3. Nf3 c6 4. Nc3 dxc4 5. e4 b5 6. Bg5 Be7 7. h4 h6 8. Bxe7 Nxe7 9. Be2 Bb7 10. Qc2 Nd7 11. g4 Ng6 12. O-O-O Nf4 13. g5 h5 14. Qd2 Nxe2+ 15. Nxe2 a5 16. Nf4 g6 17. d5 exd5 18. exd5 O-O 19. Rhg1 Nc5 20. Nxh5 gxh5 21. g6 Nd3+ 22. Kb1 Qf6 23. gxf7+ Kxf7 24. Ng5+ Ke7 25. Qe3+ Kd7 26. Rxd3 cxd3 27. Ne6 d2 28. Nc5+ Kc8 29. Qh3+ Qf5+ 30. Qxf5+ Rxf5 31. Rg8+ Kc7 32. Rg7+ Kb6 33. Nd7+ Kc7 34. Nf6+ Kd6 35. Ne4+ Kxd5 36. Nc3+ Kc4 37. Rxb7 Rxf2 38. Kc2 Rd8 39. Nd1 Rf1 40. Ne3+ Kc5 41. Re7 Rd4 42. Nxf1 d1=Q+ 43. Kc3 Qd3# 0-1


[Site "https://www.chess.com"]

[Event "Titled Tuesday Blitz May 10 Early 2022"]
[White "Oganian, Miran"]
[Black "Niemann, Hans Moke"]
[WhiteFideId "4122488"]
[BlackFideId "2093596"]
[WhiteElo "2357"]
[BlackElo "2632"]
[Result "1-0"]
[Round "03"]
[TimeControl "180+1"]
[Date "2022.05.10"]
[WhiteClock "0:00:06"]
[BlackClock "0:00:03"]

1. e4 e6 2. d4 d5 3. Nc3 Nf6 4. e5 Nfd7 5. f4 c5 6. Nf3 Nc6 7. Be3 a6 8. Be2 cxd4 9. Nxd4 Bc5 10. Qd2 Qc7 11. O-O b5 12. Kh1 Bb7 13. Ndxb5 axb5 14. Nxb5 Qb6 15. Nd6+ Ke7 16. Bxc5 Nxc5 17. f5 Nxe5 18. Nxb7 Qxb7 19. fxe6 fxe6 20. c4 Rhf8 21. b4 Ne4 22. Qd4 Qc7 23. cxd5 exd5 24. Qxd5 Nf2+ 25. Kg1 Rad8 26. Qb5 Qd6 27. Rae1 Qd4 28. Qc5+ Qxc5 29. bxc5 Ne4 30. Bf3 Rxf3 31. gxf3 Nd2 32. Rxe5+ Kf6 33. Re2 Nxf1 34. Kxf1 Rd1+ 35. Kf2 Rc1 36. a4 Rxc5 37. Ra2 Ra5 38. Ke3 Ke5 39. Kd3 Kd5 40. Kc3 Kc5 41. Kb3 Ra6 42. Rg2 g6 43. Rg5+ Kd4 44. a5 Ke3 45. Kb4 Kxf3 46. Kb5 Ra8 47. a6 Kf4 48. Rg2 g5 49. Kb6 g4 50. Rf2+ Kg5 51. Kb7 Rg8 52. Rc2 Kh4 53. Rc8 Rg5 54. Kb6 g3 55. hxg3+ Rxg3 56. Rc4+ Kh3 57. Rc5 Rb3+ 58. Rb5 Rc3 59. a7 Rc8 60. Rh5+ Kg4 61. Rxh7 Kf5 62. Kb7 Rf8 63. Rc7 Ra8 64. Kxa8 Kg6 65. Kb7 1-0


[Site "https://www.chess.com"]

[Event "Titled Tuesday Blitz May 10 Early 2022"]
[White "Olsen, Filip Boe"]
[Black "Namitbir Singh Walia"]
[WhiteFideId "1440640"]
[BlackFideId "35071068"]
[WhiteElo "2247"]
[BlackElo "1565"]
[Result "0-1"]
[Round "03"]
[TimeControl "180+1"]
[Date "2022.05.11"]
[WhiteClock "0:00:07"]
[BlackClock "0:00:08"]

1. c4 Nf6 2. Nc3 d5 3. cxd5 Nxd5 4. g3 e5 5. Bg2 Nb6 6. Nf3 Nc6 7. O-O Be7 8. b3 O-O 9. Bb2 Be6 10. Rc1 Qd7 11. Ne4 Bh3 12. Bxh3 Qxh3 13. d3 Nd7 14. Qd2 f5 15. Neg5 Qh5 16. Ne6 Rfc8 17. Qc3 Qg6 18. Qc4 Kh8 19. b4 Bxb4 20. Neg5 Rf8 21. h4 Be7 22. Qe6 Qxe6 23. Nxe6 Rfc8 24. Neg5 Kg8 25. Rc2 h6 26. Nh3 Kf7 27. Rfc1 Ke6 28. Kg2 a5 29. a3 a4 30. e3 Ra5 31. Nhg1 g5 32. hxg5 hxg5 33. d4 e4 34. Nd2 Nb6 35. Ne2 Nd5 36. Nc4 Rb5 37. Ba1 Rb3 38. Bb2 Ra8 39. Nd2 Rb6 40. Nc3 Nxc3 41. Bxc3 Rb5 42. Bb2 Ra6 43. Nc4 Kd5 44. Ba1 Bd6 45. Bb2 Ne7 46. Rh1 Rc6 47. Rhc1 Rxc4 48. Rxc4 Rxb2 49. Rxa4 Nc6 50. Ra8 f4 51. exf4 gxf4 52. gxf4 Bxf4 53. Rd1 Be3 54. Rf8 Bxd4 55. Rf5+ Kc4 56. Rf4 e3 57. Rc1+ Kd3 58. Rd1+ Rd2 59. Rc1 Rxf2+ 60. Rxf2 exf2 61. Rd1+ Kc2 62. Rf1 Kb3 63. Kf3 Kxa3 64. Ke4 Bb6 65. Kd3 Kb4 66. Rb1+ Kc5 67. Rc1+ Kd5 68. Rd1 Ne5+ 69. Ke2+ Ke4 70. Ra1 Bd4 71. Ra4 b5 72. Ra2 c5 73. Rc2 c4 74. Rc1 b4 75. Rh1 b3 76. Rh4+ Kd5 77. Rh1 c3 78. Rh5 b2 79. Rg5 f1=Q+ 80. Kxf1 b1=Q+ 81. Ke2 Qd3+ 82. Ke1 Qe3+ 83. Kf1 Qxg5 84. Ke2 Qe3+ 85. Kd1 Qd2# 0-1


[Site "https://www.chess.com"]

[Event "Titled Tuesday Blitz May 10 Early 2022"]
[White "Omariev, Maksim"]
[Black "Tuleyeva-Aketayeva, Dana"]
[WhiteFideId "4193423"]
[BlackFideId "13701932"]
[WhiteElo "2525"]
[BlackElo "1875"]
[Result "1-0"]
[Round "03"]
[TimeControl "180+1"]
[Date "2022.05.11"]
[WhiteClock "0:00:50"]
[BlackClock "0:00:05"]

1. g4 g6 2. Bg2 Bg7 3. d4 d5 4. g5 h6 5. h4 hxg5 6. hxg5 Rxh1 7. Bxh1 e6 8. c4 dxc4 9. Nf3 Nc6 10. e3 Nge7 11. Na3 e5 12. Nxe5 Nxe5 13. dxe5 Qxd1+ 14. Kxd1 c3 15. f4 Bg4+ 16. Kc2 cxb2 17. Bxb2 O-O-O 18. Nb5 a6 19. Nd4 Nf5 20. Nxf5 Bxf5+ 21. e4 Be6 22. Bf3 Bc4 23. a3 Bd3+ 24. Kc3 Bb5 25. Rd1 Rxd1 26. Bxd1 Bc6 27. Kd3 Bf8 28. Bb3 Bb5+ 29. Ke3 Bc5+ 30. Kf3 Be8 31. f5 Kd8 32. e6 gxf5 33. exf5 Bc6+ 34. Kf4 fxe6 35. Bxe6 Bd6+ 36. Kg4 Be8 37. g6 Bf8 38. g7 Bxg7 39. Bxg7 Ke7 40. Be5 c5 41. Bc8 b5 42. Bxa6 b4 43. axb4 cxb4 44. Bc4 Ba4 45. f6+ Kf8 46. f7 Ke7 47. Bg7 Bd7+ 48. Kg5 Be6 49. f8=Q+ Kd7 50. Bxe6+ Kxe6 51. Qxb4 1-0


[Site "https://www.chess.com"]

[Event "Titled Tuesday Blitz May 10 Early 2022"]
[White "Onslow, Alfie"]
[Black "Plotnikov, Pavel"]
[WhiteFideId "436976"]
[BlackFideId "4170342"]
[WhiteElo "1885"]
[BlackElo "2298"]
[Result "1-0"]
[Round "03"]
[TimeControl "180+1"]
[Date "2022.05.11"]
[WhiteClock "0:00:09"]
[BlackClock "0:00:10"]

1. e4 e5 2. Bc4 Nf6 3. d3 Bc5 4. Nc3 O-O 5. Bg5 h6 6. Bh4 c6 7. Qf3 g5 8. Bg3 d5 9. Bxe5 Nfd7 10. Bxb8 Rxb8 11. exd5 Ne5 12. Qe2 Re8 13. Ne4 cxd5 14. Bxd5 Kg7 15. Bb3 f5 16. O-O-O fxe4 17. dxe4 Qf6 18. f3 Be6 19. h4 Bxb3 20. axb3 Rbd8 21. Nh3 Qb6 22. hxg5 Be3+ 23. Kb1 hxg5 24. f4 gxf4 25. Qh5 Qg6 26. Qe2 Rxd1+ 27. Rxd1 Qg4 28. Qe1 Re7 29. Rd5 Rd7 30. Rxe5 Rd1+ 31. Ka2 Rxe1 32. Rg5+ Qxg5 33. Nxg5 Ra1+ 34. Kxa1 f3 35. Nxf3 Kf6 36. Kb1 Bb6 37. c3 a6 38. Kc2 Bc7 39. Kd3 Bf4 40. b4 Ke6 41. Kc4 Be3 42. Kd3 Bf2 43. c4 Bb6 44. c5 Bd8 45. b3 Bf6 46. e5 Bg7 47. Ke4 Bf8 48. Nd4+ Kd7 49. Kd5 Kc7 50. Ne6+ Kd7 51. Nxf8+ Ke7 52. Ng6+ Kf7 53. Nf4 Ke7 54. e6 Ke8 55. Kd6 Kd8 56. e7+ Ke8 57. Ke6 a5 58. Nd5 axb4 59. Nf6# 1-0


[Site "https://www.chess.com"]